 Dungeon Crawl Stone Soup version 0.29-a0-103-g37f86683bf (webtiles) character file.

Game seed: 14170707254914296531

18 Ratty the Skirmisher (level 2, -2/28 HPs)
             Began as a Naga Cinder Acolyte on Feb 15, 2022.
             Was a Follower of Vehumet.
             Slain by an orc (6 damage)
             ... on level 3 of the Dungeon.
             The game lasted 00:04:42 (829 turns).

Ratty the Skirmisher (Naga Cinder Acolyte)           Turns: 829, Time: 00:04:43

Health: -2/28      AC:  1    Str: 16    XL:     2   Next: 66%
Magic:  3/3        EV: 13    Int: 14    God:    Vehumet [*.....]
Gold:   56         SH:  0    Dex:  6    Spells: 3/3 levels left

rFire   . . .      SeeInvis +   a - -1 falchion (flame)
rCold   . . .      Faith    .   (no shield)
rNeg    . . .      Spirit   .   b - +0 robe
rPois   +          Reflect  .   (no helmet)
rElec   .          Harm     .   (no cloak)
rCorr   .          Rampage  .   (no gloves)
Will    .....                   (no barding)
Stlth   +.........              (no amulet)
HPRegen 0.09/turn               h - +4 ring of evasion
MPRegen 0.08/turn               m - ring of wizardry

@: fire susceptible, very slow
A: AC +0, large, see invisible, deformed body, poison resistance, slowness 2,
spit poison 1, naga tail 1
a: Spit Poison, Renounce Religion


You were on level 3 of the Dungeon.
You worshipped Vehumet.
Vehumet was aware of your devotion.
You visited 1 branch of the dungeon, and saw 3 of its levels.

You collected 56 gold pieces.

Inventory:

Hand Weapons
 a - a -1 falchion of flaming (weapon)
Missiles
 f - 13 stones
 g - 9 arrows
 i - 14 sling bullets
 j - 20 bolts
 l - 5 poisoned darts
Armour
 b - a +0 robe (worn)
Magical Staves
 k - a staff of poison
 o - a staff of cold
Jewellery
 h - a +4 ring of evasion (left hand)
 m - a ring of wizardry (right hand)
Scrolls
 c - a scroll of enchant weapon {unknown}
 d - a scroll of acquirement {unknown}
 e - a scroll of fog {unknown}
 n - a scroll of teleportation {unknown}
 p - a scroll of magic mapping {unknown}


   Skills:
 + Level 3.5 Fighting
 + Level 3.1 Long Blades
 + Level 1.0 Spellcasting
 + Level 3.3 Fire Magic


You had 3 spell levels left.
You didn't know any spells.
Your spell library contained the following spells:

 Spells                   Type           Power      Damage    Failure   Level
 Foxfire                  Conj/Fire      20%        2x1d5     6%          1
 Scorch                   Fire           18%        2d6       4%          2


Dungeon Overview and Level Annotations

Branches:
Dungeon (2/15)

Altars:
Vehumet


Innate Abilities, Weirdness & Mutations

Your serpentine skin is tough. (AC +0)
You have supernaturally acute eyesight. (SInv)
Armour fits poorly on your strangely shaped body.
Your system is resistant to poisons. (rPois)
You cover ground very slowly.
You can spit poison.
You have a snake-like lower body.


Message History

You fall into a shaft and drop 1 floor!
The shaft crumbles and collapses.
Found four items.
Found an escape hatch in the floor.
The endoplasm quivers.
You see here a staff of cold.
You see here a staff of cold.
o - a staff of cold You hit the endoplasm.
You burn the endoplasm.
You kill the endoplasm!
Vehumet accepts your kill.
p - a scroll labelled XUCU TACHUG You now have 56 gold pieces (gained 14).
A rat comes into view.
An orc comes into view. It is wielding a +0 dagger.
The orc moves out of view.
The rat bites you. The rat closely misses you.
The orc shouts!
You hear a shout! x3
You hit the rat. You burn the rat.
You kill the rat!
Vehumet accepts your kill.
An orc comes into view. It is wielding a +0 war axe.
The orc shouts!
An orc comes into view.
It is wielding a +0 hand axe and quivering poisoned darts.
An orc comes into view. It is wielding a +0 whip.
The orc closely misses you. The orc barely misses you.
The orc closely misses you. The orc hits you with a +0 war axe.
The orc throws a poisoned dart.
The poisoned dart closely misses you. The orc hits you with a +0 dagger.
The orc hits you with a +0 whip.
A frilled lizard comes into view.
Found 10 gold pieces.
The frilled lizard hisses angrily.
Found a long sword.
The orc hits you with a +0 whip. The orc hits you with a +0 whip.
* * * LOW HITPOINT WARNING * * *
The orc hits you with a +0 war axe.
* * * LOW HITPOINT WARNING * * *
The orc hits you with a +0 hand axe.
You die...

... .). ..# ....
#.# $.... #.#
.....#
#.##.....##
#.##......#
..######@##.....#
.....#.ooo......#
.......ol...###.
.............#
###........^.#
#..........#
#..........#
#..........# #
##.........##..


You could see 4 orcs and a frilled lizard.

Vanquished Creatures
  A dart slug (D:1)
  A bat (D:1)
  3 endoplasms
  A giant cockroach (D:2)
  4 kobolds (D:1)
  A quokka (D:2)
  A ball python (D:1)
  3 rats
15 creatures vanquished.

Notes
Turn   | Place    | Note
-------+----------+-------------------------------------------
     0 | D:1      | Ratty the Naga Cinder Acolyte began the quest for the Orb.
     0 | D:1      | Reached XP level 1. HP: 21/21 MP: 2/2
   505 | D:1      | Reached XP level 2. HP: 18/28 MP: 3/3
   578 | D:1      | Found a faded altar of an unknown god.
   601 | D:1      | Prayed at the altar of an unknown god.
   601 | D:1      | Fell from the grace of Ignis
   601 | D:1      | Became a worshipper of Vehumet
   601 | D:1      | Reached * piety under Vehumet
   601 | D:1      | Offered knowledge of Foxfire by Vehumet.
   784 | D:2      | You fall into a shaft and drop 1 floor!
   829 | D:3      | Slain by an orc

Illustrated notes

Levels and vault maps discovered:
D:1:      ncdulo_smallfort, layout_rooms, shapermc_ecumenical_altar_mp_highgroup
D:2:      layout_loops_ring, kennysheep_generic_room_5, uniq_terence
D:3:      layout_rooms, nicolae_dithmenos_through_a_glass_darkly, serial_shops,
          shop_fountains, shop, uniq_ijyb

Action                   || total
-------------------------++-------
Melee: Falchion          ||    30
       Punch             ||     1
 Abil: Spit Poison       ||     1
Armor: Robe              ||     4
Dodge: Dodged            ||    29

Table legend: (Time is in decaauts)
 A = Elapsed time spent in this place.
 B = Non-inter-level travel time spent in this place.
 C = Inter-level travel time spent in this place.
 D = Time resting spent in this place.
 E = Time spent auto-exploring this place.
 F = Levels seen in this place.
 G = Mean time per level.
                   A        B        C        D        E       F      G
               +--------+--------+--------+--------+--------+-----+--------+
         Total |   1137 |   1137 |      0 |      0 |      0 |   3 |  379.0 |
       Dungeon |   1137 |   1137 |      0 |      0 |      0 |   3 |  379.0 |
               +--------+--------+--------+--------+--------+-----+--------+

Top non-repeatable levels by time:
     D:1: 949 daAuts
     D:2: 127 daAuts
     D:3: 60 daAuts
